| TOP OF THE 1ST |
|
Texas Rangers batting - Pitching for Houston Astros : RHP Brian Lynch
|
|
Pitching: RHP Brian Lynch
|
|
|
Batting: SHB Tony Prado
|
0-0: Ball 1-0: Foul Ball, location: 2F 1-1: Foul Ball, location: 2F 1-2: Ball 2-2: Foul Ball, location: 2F 2-2: Foul Ball, location: 2F 2-2: Foul Ball, location: 2F 2-2: Foul Ball, location: 2F 2-2: Strikes out swinging
|
|
Batting: RHB Butch Kaiser
|
0-0: Ball 1-0: SINGLE (Line Drive, 4MD, EV 93.8 MPH)
|
|
Batting: SHB Rich Chavez
|
0-0: Ball 1-0: Called Strike 1-1: Ball 2-1: Called Strike 2-2: Strikes out swinging
|
|
Batting: RHB Marc Peckermark
|
0-0: Called Strike Butch Kaiser steals 2nd base (no throw) 0-1: Ball 1-1: Called Strike 1-2: Ball 2-2: Strikes out swinging
|
| Top of the 1st over - 0 runs, 1 hit, 0 errors, 1 left on base; Texas 0 - Houston 0 |
| BOTTOM OF THE 1ST |
|
Houston Astros batting - Pitching for Texas Rangers : RHP Julio Pizano
|
|
Pitching: RHP Julio Pizano
|
|
|
Batting: RHB Jesse Scott
|
0-0: Swinging Strike 0-1: SINGLE (Line Drive, 8RS, EV 106.9 MPH)
|
|
Batting: RHB Jeremy Trump
|
0-0: Fly out, F8 (Flyball, 89XD, EV 100.6 MPH)
|
|
Batting: LHB Jack Christie
|
0-0: Fly out, F5 (Line Drive, 5, EV 68.8 MPH)
|
|
Batting: RHB Elijah Hunter
|
0-0: Foul Ball, location: 2F 0-1: Swinging Strike 0-2: Ball 1-2: Ball 2-2: Strikes out looking
|
| Bottom of the 1st over - 0 runs, 1 hit, 0 errors, 1 left on base; Texas 0 - Houston 0 |
| TOP OF THE 2ND |
|
Texas Rangers batting - Pitching for Houston Astros : RHP Brian Lynch
|
|
Batting: RHB Zhao-ji Chi
|
0-0: Ground out 6-3 (Groundball, 6, EV 105.0 MPH)
|
|
Batting: RHB Hiroshige Yamada
|
0-0: Foul Ball, location: 2F 0-1: Fly out, F7 (Flyball, 78M, EV 95.6 MPH)
|
|
Batting: RHB Noah Stanley
|
0-0: Ball 1-0: Foul Ball, location: 2F 1-1: Foul Ball, location: 2F 1-2: Strikes out looking
|
| Top of the 2nd over - 0 runs, 0 hits, 0 errors, 0 left on base; Texas 0 - Houston 0 |
| BOTTOM OF THE 2ND |
|
Houston Astros batting - Pitching for Texas Rangers : RHP Julio Pizano
|
|
Batting: LHB Eric Katz
|
0-0: Ball 1-0: Called Strike 1-1: Fly out, F7 (Line Drive, 78M, EV 90.6 MPH)
|
|
Batting: SHB Joe Gardner
|
0-0: Swinging Strike 0-1: Ball 1-1: Ball 2-1: Called Strike 2-2: Ball 3-2: Strikes out looking
|
|
Batting: RHB Danny Merrill
|
0-0: Ball 1-0: Ball 2-0: Ball 3-0: Base on Balls
|
|
Batting: RHB Mark Marks
|
0-0: Ball Pickoff Throw to First - Out! 1-3
|
| Bottom of the 2nd over - 0 runs, 0 hits, 0 errors, 0 left on base; Texas 0 - Houston 0 |
| TOP OF THE 3RD |
|
Texas Rangers batting - Pitching for Houston Astros : RHP Brian Lynch
|
|
Batting: RHB John Michener
|
0-0: Ball 1-0: Called Strike 1-1: Foul Ball, location: 2F 1-2: Strikes out looking
|
|
Batting: RHB Chris Torlak
|
0-0: Called Strike 0-1: Foul Ball, location: 2F 0-2: Ground out 4-3 (Groundball, 4, EV 90.6 MPH)
|
|
Batting: SHB Tony Prado
|
0-0: Called Strike 0-1: Foul Ball, location: 2F 0-2: Foul Ball, location: 2F 0-2: Ball 1-2: Strikes out looking
|
| Top of the 3rd over - 0 runs, 0 hits, 0 errors, 0 left on base; Texas 0 - Houston 0 |
| BOTTOM OF THE 3RD |
|
Houston Astros batting - Pitching for Texas Rangers : RHP Julio Pizano
|
|
Batting: RHB Mark Marks
|
0-0: Called Strike 0-1: Ball 1-1: Swinging Strike 1-2: Ball 2-2: Fly out, F7 (Flyball, 78D, EV 76.2 MPH)
|
|
Batting: LHB Mark Dearth
|
0-0: Ball 1-0: Ball 2-0: Called Strike 2-1: Called Strike 2-2: Foul Ball, location: 2F 2-2: Ball 3-2: Ground out 4-3 (Groundball, 4M, EV 85.0 MPH)
|
|
Batting: RHB Jesse Scott
|
0-0: Swinging Strike 0-1: Swinging Strike 0-2: Foul Ball, location: 2F 0-2: Foul Ball, location: 2F 0-2: Ball 1-2: Strikes out swinging
|
| Bottom of the 3rd over - 0 runs, 0 hits, 0 errors, 0 left on base; Texas 0 - Houston 0 |
| TOP OF THE 4TH |
|
Texas Rangers batting - Pitching for Houston Astros : RHP Brian Lynch
|
|
Batting: RHB Butch Kaiser
|
0-0: Called Strike 0-1: Called Strike 0-2: Ball 1-2: Ball 2-2: Ground out 1-3 (Groundball, 34S, EV 63.1 MPH)
|
|
Batting: SHB Rich Chavez
|
0-0: Called Strike 0-1: Foul Ball, location: 2F 0-2: Strikes out looking
|
|
Batting: RHB Marc Peckermark
|
0-0: Swinging Strike 0-1: Foul Ball, location: 2F 0-2: Ball 1-2: Ball 2-2: Strikes out swinging
|
| Top of the 4th over - 0 runs, 0 hits, 0 errors, 0 left on base; Texas 0 - Houston 0 |
| BOTTOM OF THE 4TH |
|
Houston Astros batting - Pitching for Texas Rangers : RHP Julio Pizano
|
|
Pitching: RHP Joe Bradford
|
|
|
Batting: RHB Jeremy Trump
|
0-0: Called Strike 0-1: Ball 1-1: Swinging Strike 1-2: Foul Ball, location: 2F 1-2: Ball 2-2: Foul Ball, location: 2F 2-2: Foul Ball, location: 2F 2-2: Ball 3-2: Foul Ball, location: 2F 3-2: Base on Balls
|
|
Batting: LHB Jack Christie
|
0-0: Ball 1-0: Ball 2-0: Fly out, F8 (Flyball, 8LXD, EV 104.4 MPH)
|
|
Batting: RHB Elijah Hunter
|
0-0: Called Strike 0-1: Foul Ball, location: 2F 0-2: Ball Jeremy Trump is caught stealing 2nd base 2-4 1-2: Ball 2-2: SOLO HOME RUN (Flyball, 7D, EV 115.0 MPH), Distance : 442 ft
|
|
Batting: LHB Eric Katz
|
0-0: Ball 1-0: Swinging Strike 1-1: Ball 2-1: Called Strike 2-2: Ball 3-2: SOLO HOME RUN (Flyball, 9LD, EV 93.8 MPH), Distance : 342 ft
|
|
Batting: SHB Joe Gardner
|
0-0: Ball 1-0: Called Strike 1-1: Ball 2-1: Ball 3-1: Foul Ball, location: 2F 3-2: Foul Ball, location: 2F 3-2: Fly out, F8 (Flyball, 8LXD, EV 91.2 MPH)
|
| Bottom of the 4th over - 2 runs, 2 hits, 0 errors, 0 left on base; Texas 0 - Houston 2 |
| TOP OF THE 5TH |
|
Texas Rangers batting - Pitching for Houston Astros : RHP Brian Lynch
|
|
Batting: RHB Zhao-ji Chi
|
0-0: Called Strike 0-1: Ball 1-1: Ball 2-1: Called Strike 2-2: Foul Ball, location: 2F 2-2: Strikes out swinging, 2-3 out at first.
|
|
Batting: RHB Hiroshige Yamada
|
0-0: Ball 1-0: Fly out, F7 (Flyball, 7, EV 78.1 MPH)
|
|
Batting: RHB Noah Stanley
|
0-0: Swinging Strike 0-1: Swinging Strike 0-2: Strikes out swinging
|
| Top of the 5th over - 0 runs, 0 hits, 0 errors, 0 left on base; Texas 0 - Houston 2 |
| BOTTOM OF THE 5TH |
|
Houston Astros batting - Pitching for Texas Rangers : RHP Joe Bradford
|
|
Pitching: RHP Kouchiro Yamaguchi
|
|
|
Now in CF: Danny Weisse
|
|
|
Batting: RHB Danny Merrill
|
0-0: Ball 1-0: Foul Ball, location: 2F 1-1: Ball 2-1: Ball 3-1: Base on Balls
|
|
Batting: RHB Mark Marks
|
0-0: Foul Ball, location: 2F 0-1: Ball 1-1: Ball 2-1: Ball 3-1: Swinging Strike 3-2: SINGLE (Groundball, 6MD, EV 103.1 MPH) Danny Merrill to second Runner from 2nd tries for 3rd, OUT after rundown.
|
|
Batting: LHB Mark Dearth
|
0-0: Ball 1-0: Foul Ball, location: 2F 1-1: Called Strike 1-2: Foul Ball, location: 2F 1-2: Grounds into double play, 4-6-3 (Groundball, 4M, EV 95.6 MPH)
|
| Bottom of the 5th over - 0 runs, 1 hit, 0 errors, 0 left on base; Texas 0 - Houston 2 |
| TOP OF THE 6TH |
|
Texas Rangers batting - Pitching for Houston Astros : RHP Brian Lynch
|
|
Pitching: RHP Mike Hurst
|
|
|
Now in LF: Bruce Bermudez
|
|
|
Now in CF: Eric Katz
|
|
|
Batting: RHB John Michener
|
0-0: Called Strike 0-1: Ball 1-1: Foul Ball, location: 2F 1-2: Ball 2-2: SINGLE (Line Drive, 7S, EV 91.9 MPH)
|
|
Batting: RHB Chris Torlak
|
0-0: SINGLE (Groundball, 56D, EV 106.9 MPH) John Michener to second
|
|
Pinch Hitting: RHB Adryão Anto
|
0-0: Called Strike John Michener steals 3rd base Chris Torlak to second 0-1: Foul Ball, location: 2F 0-2: Strikes out looking
|
|
Batting: LHB Sean Geisler
|
0-0: Foul Ball, location: 2F 0-1: Ball 1-1: Ball 2-1: Foul Ball, location: 2F 2-2: Ball 3-2: Base on Balls
|
|
Pinch Hitting: RHB Luis Arce
|
0-0: Called Strike 0-1: Foul Ball, location: 2F 0-2: Fly out, F8 (Flyball, 8LM, EV 92.5 MPH) Runner from 3rd tags up, OUT at HOME! 8-2
|
| Top of the 6th over - 0 runs, 2 hits, 0 errors, 2 left on base; Texas 0 - Houston 2 |
| BOTTOM OF THE 6TH |
|
Houston Astros batting - Pitching for Texas Rangers : RHP Kouchiro Yamaguchi
|
|
Pitching: RHP John Piccola
|
|
|
Now at C: Alvare Bairro
|
|
|
Now at 2B: Luis Arce
|
|
|
Now in LF: Martin Guerrero
|
|
|
Now in RF: Adryão Anto
|
|
|
Batting: RHB Jesse Scott
|
0-0: Ball 1-0: Called Strike 1-1: Called Strike 1-2: Ball 2-2: Foul Ball, location: 2F 2-2: Fly out, F5 (Line Drive, 56, EV 73.1 MPH)
|
|
Pinch Hitting: RHB Eric Chotkowski
|
0-0: Ball 1-0: Swinging Strike 1-1: Swinging Strike 1-2: Strikes out swinging
|
|
Pinch Hitting: LHB Jimmy Edlin
|
0-0: Swinging Strike 0-1: Called Strike 0-2: Foul Ball, location: 2F 0-2: Foul Ball, location: 2F 0-2: Ball 1-2: SINGLE (Groundball, 56S, EV 73.1 MPH) (infield hit)
|
|
Pinch Hitting: LHB Bryce Hill
|
0-0: Ball 1-0: Swinging Strike 1-1: Ball 2-1: Swinging Strike 2-2: Foul Ball, location: 2F 2-2: Strikes out swinging
|
| Bottom of the 6th over - 0 runs, 1 hit, 0 errors, 1 left on base; Texas 0 - Houston 2 |
| TOP OF THE 7TH |
|
Texas Rangers batting - Pitching for Houston Astros : RHP Mike Hurst
|
|
Pitching: RHP Josh Sandoval
|
|
|
Now at 1B: Jimmy Edlin
|
|
|
Now at 2B: Mark Dearth
|
|
|
Now at 3B: Eric Chotkowski
|
|
|
Now in RF: Bryce Hill
|
|
|
Batting: RHB Danny Weisse
|
0-0: Called Strike 0-1: Ball 1-1: Swinging Strike 1-2: Strikes out looking
|
|
Pinch Hitting: LHB Josh Stuck
|
0-0: Foul Ball, location: 2F 0-1: Foul Ball, location: 2F 0-2: Foul Ball, location: 2F 0-2: Ball 1-2: Ball 2-2: Hit by Pitch
|
|
Batting: SHB Alvare Bairro
|
0-0: Ball Josh Stuck steals 2nd base 1-0: Called Strike 1-1: Ball 2-1: Fly out, F7 (Flyball, 78S, EV 86.9 MPH)
|
|
Pinch Hitting: RHB Jarrod Joyce
|
0-0: Ground out 5-3 (Groundball, 5, EV 103.8 MPH)
|
| Top of the 7th over - 0 runs, 0 hits, 0 errors, 1 left on base; Texas 0 - Houston 2 |
| BOTTOM OF THE 7TH |
|
Houston Astros batting - Pitching for Texas Rangers : RHP John Piccola
|
|
Pitching: LHP Matt Walton
|
|
|
Now at SS: Jarrod Joyce
|
|
|
Now in LF: Josh Stuck
|
|
|
Batting: LHB Eric Katz
|
0-0: Called Strike 0-1: Ball 1-1: Foul Ball, location: 2F 1-2: Ball 2-2: Ball 3-2: Base on Balls
|
|
Pitching: RHP Kyle Curve
|
|
|
Batting: RHB Bruce Bermudez
|
0-0: Ball 1-0: Ball 2-0: Called Strike 2-1: Swinging Strike 2-2: Strikes out looking
|
|
Batting: RHB Ramon Castellon
|
0-0: Ball 1-0: Fly out, F9 (Flyball, 89M, EV 91.9 MPH)
|
|
Batting: RHB Mark Marks
|
0-0: Ball 1-0: Called Strike 1-1: Ball 2-1: Swinging Strike 2-2: Ball 3-2: Foul Ball, location: 2F 3-2: Foul Ball, location: 2F 3-2: Foul Ball, location: 2F 3-2: Strikes out looking
|
| Bottom of the 7th over - 0 runs, 0 hits, 0 errors, 1 left on base; Texas 0 - Houston 2 |
| TOP OF THE 8TH |
|
Texas Rangers batting - Pitching for Houston Astros : RHP Josh Sandoval
|
|
Pitching: RHP David Toellner
|
|
|
Pinch Hitting: SHB John Giesbrecht
|
0-0: Foul Ball, location: 2F 0-1: Foul Ball, location: 2F 0-2: Ball 1-2: Strikes out swinging
|
|
Pinch Hitting: RHB Imbart Faber
|
0-0: Called Strike 0-1: Fly out, F8 (Flyball, 8RD, EV 93.1 MPH)
|
|
Batting: RHB Adryão Anto
|
0-0: Ball 1-0: Foul Ball, location: 2F 1-1: SINGLE (Groundball, 4MD, EV 110.6 MPH)
|
|
Batting: LHB Sean Geisler
|
0-0: Called Strike 0-1: Ball 1-1: Foul Ball, location: 2F 1-2: SINGLE (Groundball, 4S, EV 70.0 MPH) (infield hit) Adryão Anto to second
|
|
Pinch Hitting: SHB Pat Wilson
|
0-0: Ball 1-0: Ball 2-0: Foul Ball, location: 2F 2-1: Ball 3-1: Called Strike 3-2: Ground out U3 (Groundball, 13, EV 86.2 MPH)
|
| Top of the 8th over - 0 runs, 2 hits, 0 errors, 2 left on base; Texas 0 - Houston 2 |
| BOTTOM OF THE 8TH |
|
Houston Astros batting - Pitching for Texas Rangers : RHP Kyle Curve
|
|
Pitching: LHP Alex Boites
|
|
|
Now at 1B: Josh Stuck
|
|
|
Now at 2B: Imbart Faber
|
|
|
Now at 3B: Jarrod Joyce
|
|
|
Now at SS: John Giesbrecht
|
|
|
Now in LF: Pat Wilson
|
|
|
Batting: LHB Mark Dearth
|
0-0: Swinging Strike 0-1: Foul Ball, location: 2F 0-2: SINGLE (Groundball, 23, EV 65.0 MPH) (infield hit)
|
|
Batting: RHB Jesse Scott
|
0-0: Bunt missed! 0-1: Bunted foul 0-2: SINGLE (Line Drive, 78M, EV 96.9 MPH) Mark Dearth to second
|
|
Batting: RHB Eric Chotkowski
|
0-0: Called Strike 0-1: Ball 1-1: Ball 2-1: 3-RUN HOME RUN (Flyball, 7LD, EV 101.9 MPH), Distance : 372 ft
|
|
Pitching: RHP Mark Lopez
|
|
|
Batting: LHB Jimmy Edlin
|
0-0: Ball 1-0: Ball 2-0: Swinging Strike 2-1: Ball 3-1: Swinging Strike 3-2: Strikes out looking
|
|
Batting: LHB Bryce Hill
|
0-0: Ball 1-0: SINGLE (Flyball, 7LS, EV 93.1 MPH)
|
|
Batting: LHB Eric Katz
|
0-0: Called Strike 0-1: Fly out, F8 (Flyball, 8RD, EV 102.5 MPH)
|
|
Batting: RHB Bruce Bermudez
|
0-0: Ball 1-0: Ground out 4-3 (Groundball, 34, EV 83.1 MPH)
|
| Bottom of the 8th over - 3 runs, 4 hits, 0 errors, 1 left on base; Texas 0 - Houston 5 |
| TOP OF THE 9TH |
|
Texas Rangers batting - Pitching for Houston Astros : RHP David Toellner
|
|
Pitching: RHP Kyle McPeak
|
|
|
Batting: RHB Danny Weisse
|
0-0: Ball 1-0: Swinging Strike 1-1: Ball 2-1: Swinging Strike 2-2: Ball 3-2: Ground out 5-3 (Groundball, 56S, EV 91.9 MPH)
|
|
Batting: LHB Josh Stuck
|
0-0: Ball 1-0: Ball 2-0: Ball 3-0: Base on Balls
|
|
Batting: SHB Alvare Bairro
|
0-0: Ball 1-0: Ball 2-0: Ball 3-0: Called Strike 3-1: Ground out 5-3 (Groundball, 56S, EV 73.8 MPH) Josh Stuck to second
|
|
Batting: RHB Jarrod Joyce
|
0-0: Called Strike 0-1: Foul Ball, location: 2F 0-2: Foul Ball, location: 2F 0-2: Foul Ball, location: 2F 0-2: Fly out, F9 (Line Drive, 89M, EV 106.2 MPH)
|
| Top of the 9th over - 0 runs, 0 hits, 0 errors, 1 left on base; Texas 0 - Houston 5 |
|